 Dungeon Crawl Stone Soup version 0.31-a0-174-g85c54bcb58 (webtiles) character file.

Game seed: 13133095351236075269

550 qw the Shield-Bearer (level 7, -6/43 HPs)
             Began as a Gargoyle Fighter on June 15, 2023.
             Mangled by an orc priest
             ... wielding a +0 morningstar
              (8 damage)
             ... on level 6 of the Dungeon.
             The game lasted 00:01:46 (3841 turns).

qw the Shield-Bearer (Gargoyle Fighter)             Turns: 3841, Time: 00:01:47

Health: -6/43      AC: 18    Str: 28    XL:     7   Next: 29%
Magic:  7/7        EV:  6    Int:  8    God:
Gold:   213        SH:  9    Dex:  9    Spells: 6/6 levels left

rFire   . . .        Y - +2 war axe
rCold   . . .        a - +0 kite shield
rNeg    + . .        c - +0 plate armour
rPois   inf          o - +0 helmet
rElec   +            (no cloak)
rCorr   .            (no gloves)
SInv    .            h - +0 pair of boots
Will    .....        j - amulet of faith Stlth
                     n - +6 ring of strength
HPRegen 0.27/turn    (no ring)
MPRegen 0.10/turn

%: faith
@: no status effects
A: sickness immunity, AC +4, negative energy resistance 1, electricity
resistance, torment resistance 1, petrification resistance
a: no special abilities


You were on level 6 of the Dungeon.
You visited 1 branch of the dungeon, and saw 6 of its levels.

You collected 213 gold pieces.


Innate Abilities, Weirdness & Mutations

You are immune to sickness and miasma.
Your stone body is resilient. (AC +4)
You are immune to poison.
You resist negative energy. (rN+)
You are resistant to electric shocks. (rElec)
You are resistant to unholy torment.
You are immune to petrification.


   Skills:
 - Level 4.2 Fighting
 + Level 5.2 Axes
 - Level 3.2 Armour
 - Level 6.0 Shields


You had 6 spell levels left.
You didn't know any spells.
Your spell library was empty.

Inventory:

Hand Weapons
 i - a +1 flail of protection
 Y - a +2 war axe (weapon)
Armour
 a - a +0 kite shield (worn)
 c - a +0 plate armour (worn)
 h - a +0 pair of boots (worn)
 o - a +0 helmet (worn)
Jewellery
 j - an amulet of faith (around neck)
 m - an amulet of regeneration
 n - a +6 ring of strength (left hand)
Scrolls
 b - a scroll of brand weapon {unknown}
 g - 5 scrolls of identify
Potions
 d - a potion of might
 f - a potion of haste
 k - a potion of lignification
 l - a potion of curing

Dungeon Overview and Level Annotations

Branches:
Dungeon (6/15)
 Temple: D:4-7

Altars:
Ashenzari
Cheibriados
Dithmenos
Elyvilon
Gozag
Wu Jian
Xom

Shops:
D:1 *

Annotations:
D:4 exclusion: iguana


Message History

You hit the orc.
The orc is heavily wounded.
The orc hits you with a +0 mace. You block the orc priest's attack.
The orc hits you but does no damage.
You slash the orc!
You kill the orc!
You closely miss the orc priest.
The orc priest hits you but does no damage.
You barely miss the orc priest. You block the orc priest's attack. x2
You barely miss the orc priest. You block the orc priest's attack.
You barely miss the orc priest.
The orc priest hits you with a +0 morningstar.
You closely miss the orc priest. You block the orc priest's attack.
The orc priest calls down the wrath of Beogh upon you.
Beogh smites you!
You completely miss the orc priest.
The orc priest hits you but does no damage.
An orc comes into view. It is wielding a +0 whip.
You closely miss the orc priest.
The orc shouts!
The orc priest hits you with a +0 morningstar!
You slash the orc priest!
The orc priest is severely wounded.
The orc priest looks encouraged for a moment.
The orc priest hits you but does no damage.
You hit the orc priest.
The orc priest is almost dead.
The orc priest hits you with a +0 morningstar.
You closely miss the orc priest.
The orc priest is almost dead.
The orc priest hits you but does no damage.
You closely miss the orc priest.
The orc priest is almost dead.
The orc priest calls down the wrath of Beogh upon you.
Beogh smites you!
The orc priest hits you with a +0 morningstar!
You die...

#### ...# ...#
...# ...# ...#
..######## ...#
<....oSo)# ...#
.#######@# ...#
#.# ##.# #.# ##.#
#.# ##.# #.# ##.#
#.# #.# #.#
#.#############.#
#......)........#


You could see an orc priest, an adder and an orc.

Vanquished Creatures
  A water moccasin (D:6)
  An ogre (D:5)
  A howler monkey (D:6)
  A jelly (D:6)
  3 hounds
  Natasha (thrice) (D:2)
  Robin (D:4)
  An adder (D:4)
  3 gnolls (D:4)
  A white imp (D:5)
  An ufetubus (D:6)
  A worm (D:5)
  2 dart slugs (D:1)
  4 orcs
  6 bats
  10 endoplasms
  2 giant cockroaches
  8 goblins
  9 hobgoblins
  3 jackals (D:2)
  8 ball pythons
  3 frilled lizards
  A kobold (D:4)
  4 rats
78 creatures vanquished.

Notes
Turn   | Place    | Note
-------+----------+-------------------------------------------
     0 | D:1      | qw the Gargoyle Fighter began the quest for the Orb.
     0 | D:1      | Reached XP level 1. HP: 14/14 MP: 1/1
     0 | D:1      | 0 ||| qw: Version: 0.2-a-29-g511e9b1
     0 | D:1      | 0 ||| qw: Game counter: 5479
     0 | D:1      | 0 ||| qw: Always use a shield: true
     0 | D:1      | 0 ||| qw: God list: Okawaru
     0 | D:1      | 0 ||| qw: Allow faded altars: false
     0 | D:1      | 0 ||| qw: Do Orc after D:15 true
     0 | D:1      | 0 ||| qw: Do second Lair branch before Depths: true
     0 | D:1      | 0 ||| qw: Lair rune preference: random
     0 | D:1      | 0 ||| qw: Plans: Normal, Zot:1-4, Slime:5, God:TSO, Crypt,
                  | Tomb, Abyss, Pan, Hells, Win
     0 | D:1      | 0 ||| PLANNING D:1-11
    58 | D:1      | Reached XP level 2. HP: 15/19 MP: 2/2
   171 | D:1      | 171 ||| Stepping ~*~*~tactically~*~*~ (stealth).
   172 | D:1      | 172 ||| Stepping ~*~*~tactically~*~*~ (stealth).
   177 | D:1      | Reached skill level 3 in Axes
   182 | D:1      | 182 ||| FLEEEEING.
   184 | D:1      | Reached XP level 3. HP: 22/23 MP: 3/3
   186 | D:1      | 186 ||| Stepping ~*~*~tactically~*~*~ (stealth).
   195 | D:1      | 195 ||| FLEEEEING.
   196 | D:1      | 196 ||| FLEEEEING.
   197 | D:1      | 197 ||| FLEEEEING.
   198 | D:1      | 198 ||| FLEEEEING.
   199 | D:1      | 199 ||| FLEEEEING.
   286 | D:1      | Found Ypucol's General Store.
   294 | D:1      | 294 ||| SHOPLISTING scroll of teleportation (36 gold, have
                  | 29).
   619 | D:1      | 619 ||| UPGRADING to +0 swamp dragon scales.
   629 | D:1      | 629 ||| DROPPING +0 scale mail.
   630 | D:1      | 630 ||| DROPPING +6 ring of intelligence.
   631 | D:1      | 631 ||| READING scroll labelled FUSAVI KELE.
   632 | D:1      | 632 ||| READING scroll labelled MITTAE TOIHYP.
   733 | D:1      | 733 ||| DRINKING 2 emerald potions.
   777 | D:2      | Found a faded altar of an unknown god.
   999 | D:2      | Noticed Natasha
  1010 | D:2      | Killed Natasha
  1011 | D:2      | Reached XP level 4. HP: 15/28 MP: 4/4
  1175 | D:2      | Noticed Natasha
  1176 | D:2      | 1176 ||| Stepping ~*~*~tactically~*~*~ (hiding).
  1178 | D:2      | 1178 ||| Stepping ~*~*~tactically~*~*~ (hiding).
  1195 | D:2      | HP: 7/28 [cerulean imp/+0 spear[Natasha] (3)]
  1196 | D:2      | 1196 ||| DRINKING potion of heal wounds.
  1200 | D:2      | Killed Natasha
  1335 | D:2      | 1335 ||| UPGRADING to +0 kite shield.
  1345 | D:2      | 1345 ||| DROPPING +0 buckler.
  1346 | D:2      | 1346 ||| UPGRADING to amulet of faith.
  1349 | D:2      | Noticed Natasha
  1362 | D:2      | Killed Natasha
  1363 | D:2      | Reached XP level 5. HP: 24/32 MP: 5/5
  1390 | D:2      | 1390 ||| UPGRADING to +6 ring of strength.
  1391 | D:2      | 1391 ||| READING scroll labelled JODUATH FUWKYNN.
  1392 | D:2      | 1392 ||| READING scroll labelled YSUTUO PUMPAN.
  1393 | D:2      | 1393 ||| READING scroll labelled QYUCIAKEMI.
  1531 | D:3      | Found a broken altar of Ashenzari.
  1565 | D:3      | Reached skill level 4 in Shields
  1614 | D:3      | Found a shadowy altar of Dithmenos.
  1627 | D:3      | Found a white marble altar of Elyvilon.
  1627 | D:3      | Found a shimmering altar of Xom.
  2018 | D:3      | 2018 ||| UPGRADING to +0 chain mail.
  2028 | D:3      | 2028 ||| DROPPING +0 swamp dragon scales.
  2029 | D:3      | 2029 ||| READING scroll labelled HECASU GUAMNE.
  2030 | D:3      | 2030 ||| READING 2 scrolls of identify.
  2030 | D:3      | 2030 ||| IDENTIFYING ruby potion
  2031 | D:3      | 2031 ||| DROPPING potion of ambrosia.
  2070 | D:4      | 2070 ||| READING scroll of enchant weapon.
  2070 | D:4      | 2070 ||| ENCHANTING +1 war axe.
  2090 | D:4      | 2090 ||| Stepping ~*~*~tactically~*~*~ (hiding).
  2120 | D:4      | 2120 ||| DROPPING +0 flail.
  2121 | D:4      | 2121 ||| DROPPING +0 club.
  2137 | D:4      | 2137 ||| Stepping ~*~*~tactically~*~*~ (stealth).
  2143 | D:4      | 2143 ||| Stepping ~*~*~tactically~*~*~ (stealth).
  2151 | D:4      | Found a snail-covered altar of Cheibriados.
  2263 | D:4      | Found an ornate altar of the Wu Jian Council.
  2284 | D:4      | 2284 ||| Stepping ~*~*~tactically~*~*~ (stealth).
  2299 | D:4      | Noticed Robin
  2300 | D:4      | 2300 ||| Stepping ~*~*~tactically~*~*~ (stealth).
  2308 | D:4      | 2308 ||| Stepping ~*~*~tactically~*~*~ (stealth).
  2312 | D:4      | Reached skill level 5 in Shields
  2319 | D:4      | Killed Robin
  2397 | D:4      | 2397 ||| Stepping ~*~*~tactically~*~*~ (stealth).
  2434 | D:4      | Reached XP level 6. HP: 37/37 MP: 6/6
  2887 | D:4      | 2887 ||| UPGRADING to +0 plate armour.
  2897 | D:4      | 2897 ||| DROPPING +0 chain mail.
  2898 | D:4      | 2898 ||| UPGRADING to +0 pair of boots.
  2903 | D:4      | 2903 ||| UPGRADING to +0 helmet.
  2908 | D:4      | 2908 ||| READING scroll labelled WIOVAJEONTE.
  2909 | D:4      | 2909 ||| READING 6 scrolls of identify.
  2909 | D:4      | 2909 ||| IDENTIFYING metallic pink potion
  2910 | D:4      | 2910 ||| READING 5 scrolls of identify.
  2910 | D:4      | 2910 ||| IDENTIFYING fizzy silvery potion
  2911 | D:4      | 2911 ||| READING 4 scrolls of identify.
  2911 | D:4      | 2911 ||| IDENTIFYING red potion
  2912 | D:4      | 2912 ||| DROPPING potion of brilliance.
  2930 | D:5      | Entered Level 5 of the Dungeon
  2996 | D:5      | 2996 ||| Stepping ~*~*~tactically~*~*~ (hiding).
  3192 | D:5      | Found an opulent altar of Gozag.
  3234 | D:5      | 3234 ||| Stepping ~*~*~tactically~*~*~ (stealth).
  3289 | D:5      | 3289 ||| Stepping ~*~*~tactically~*~*~ (stealth).
  3352 | D:5      | 3352 ||| Stepping ~*~*~tactically~*~*~ (stealth).
  3354 | D:5      | 3354 ||| Stepping ~*~*~tactically~*~*~ (stealth).
  3355 | D:5      | 3355 ||| Stepping ~*~*~tactically~*~*~ (stealth).
  3356 | D:5      | 3356 ||| Stepping ~*~*~tactically~*~*~ (stealth).
  3370 | D:5      | 3370 ||| DROPPING +2 hat.
  3371 | D:5      | 3371 ||| READING scroll labelled MORAOS YNTACKEG.
  3372 | D:5      | 3372 ||| READING scroll labelled YWNAKU TYCKI.
  3373 | D:5      | 3373 ||| READING 6 scrolls of identify.
  3373 | D:5      | 3373 ||| IDENTIFYING black potion
  3661 | D:6      | Noticed a water moccasin
  3673 | D:6      | Killed a water moccasin
  3674 | D:6      | Reached skill level 6 in Shields
  3674 | D:6      | Reached XP level 7. HP: 21/43 MP: 7/7
  3818 | D:6      | 3818 ||| Stepping ~*~*~tactically~*~*~ (stealth).
  3819 | D:6      | 3819 ||| Stepping ~*~*~tactically~*~*~ (stealth).
  3841 | D:6      | HP: 2/43 [orc priest/divine providence (11)]
  3841 | D:6      | Mangled by an orc priest

Levels and vault maps discovered:
D:1:      minmay_arrival_diagonal_passages, layout_basic, serial_shops, shop
D:2:      layout_rooms, hellmonk_ecumenical_altar_zigzags, uniq_natasha
D:3:      layout_basic, grunt_dithmenos_smoke, ashenzari_conservatory_becter,
          gammafunk_temple_overflow_wave
D:4:      layout_loops_ring, mainiacjoe_overflow_concentric_impassable,
          nicolae_wu_jian_glorious_leap, uniq_robin
D:5:      layout_rooms, grunt_gozag_statues
D:6:      layout_basic

Skill      XL: |  1  2  3  4  5  6 |
---------------+-------------------+-----
Axes           | 2 3 4 5 |  5.2
Shields        | 5 6 |  6.0
Fighting       | 4 |  4.2
Armour         | |  3.2

Action                     |  1- 3 |  4- 6 |  7- 9 || total
---------------------------+-------+-------+-------++-------
  Melee: War axe           |    90 |   150 |    20 ||   260
    Use: Scroll            |     2 |    13 |       ||    15
         Potion            |     1 |     1 |       ||     2
 Armour: Scale mail        |    40 |       |       ||    40
         Swamp dragon scal |    23 |    40 |       ||    63
         Chain mail        |       |    27 |       ||    27
         Plate armour      |       |    20 |    10 ||    30
  Dodge: Dodged            |    43 |    59 |       ||   102
  Block: Buckler           |    19 |     6 |       ||    25
         Kite shield       |       |    51 |     8 ||    59

Table legend:
 A = Non-vault XP
 B = Vault XP
 C = Vault XP percentage of total XP
 D = Non-vault monster count
 E = Vault monster count
 F = Vault count percentage of total count
                 A         B        C        D         E       F
            +---------+---------+-------+---------+---------+-------
      Total |     721 |      66 |   8.4 |      69 |       9 |  11.5
            +---------+---------+-------+---------+---------+-------
        D:1 |      38 |       0 |   0.0 |      20 |       0 |   0.0
        D:2 |      91 |      36 |  28.3 |      14 |       1 |   6.7
        D:3 |      19 |       0 |   0.0 |      11 |       0 |   0.0
        D:4 |     155 |      30 |  16.2 |      15 |       8 |  34.8
        D:5 |     172 |       0 |   0.0 |       4 |       0 |   0.0
        D:6 |     246 |       0 |   0.0 |       5 |       0 |   0.0
            +---------+---------+-------+---------+---------+-------
